 Dungeon Crawl Stone Soup version 0.30-a0-385-gfebfb9b408 (webtiles) character file.

Game seed: 2201006646107538133

466 arthad the Digger (level 7, -11/36 HPs)
             Began as a Gargoyle Earth Elementalist on Dec 3, 2022.
             Killed by divine providence
             ... invoked by an orc priest
              (16 damage)
             ... on level 2 of the Dungeon.
             The game lasted 00:10:04 (2978 turns).

arthad the Digger (Gargoyle Earth Elementalist)     Turns: 2978, Time: 00:10:05

Health: -11/36     AC: 11    Str: 11    XL:     7   Next: 8%
Magic:  8/12       EV: 12    Int: 18    God:
Gold:   137        SH:  0    Dex: 10    Spells: 3/13 levels left

rFire   . . .      SeeInvis .    (no weapon)
rCold   . . .      Faith    .    (no shield)
rNeg    + . .      Spirit   .    i - +2 robe
rPois   ∞          Reflect  .    h - +0 helmet
rElec   +          Harm     .    d - +0 cloak
rCorr   +          Rampage  .    (no gloves)
Will    .....                    (no boots)
Stlth   ++........               (no amulet)
HPRegen 0.26/turn                c - ring of resist corrosion
MPRegen 0.13/turn                (no ring)

@: no status effects
A: sickness immunity, AC +4, negative energy resistance 1, electricity
resistance, torment resistance 1, petrification resistance
a: no special abilities


You were on level 2 of the Dungeon.
You visited 1 branch of the dungeon, and saw 3 of its levels.
You also visited: Sewer.

You collected 137 gold pieces.

Inventory:

Missiles
 v - 4 poisoned darts
Armour
 a - a +0 robe
 d - a +0 cloak (worn)
 f - a +0 buckler
 h - a +0 helmet (worn)
 i - a +2 robe (worn)
Jewellery
 c - a ring of resist corrosion (left hand)
 s - a ring of protection from cold
Wands
 q - a wand of iceblast (8)
 u - a wand of charming (9)
Scrolls
 g - 4 scrolls of teleportation {unknown}
 j - a scroll of brand weapon
 k - a scroll of vulnerability {unknown}
 l - a scroll of fear {unknown}
 m - a scroll of magic mapping {unknown}
 r - a scroll of identify {unknown}
 w - a scroll of immolation {unknown}
Potions
 b - 2 potions of magic
 e - 2 potions of mutation {unknown}
 n - a potion of brilliance {unknown}
 o - 2 potions of heal wounds {unknown}
 p - a potion of haste {unknown}
 t - 2 potions of curing {unknown}
 x - a potion of lignification {unknown}


   Skills:
 + Level 1.4 Armour
 + Level 2.8 Dodging
 + Level 4.0 Stealth
 * Level 3.5 Spellcasting
 + Level 2.3 Transmutations
 * Level 5.3 Earth Magic


You had 3 spell levels left.
You knew the following spells:

 Your Spells              Type           Power      Damage    Failure   Level
a - Sandblast             Erth           44%        2d11      1%          1
b - Passwall              Tmut/Erth      14%        N/A       4%          2
c - Stone Arrow           Conj/Erth      24%        3d8       16%         3
d - Petrify               Tmut/Erth      17%        N/A       30%         4

Your spell library contained the following spells:

 Spells                   Type           Power      Damage    Failure   Level


Dungeon Overview and Level Annotations

Branches:
Dungeon (3/15)              Sewer (visited)

Altars:


Innate Abilities, Weirdness & Mutations

You are immune to sickness and miasma.
Your stone body is resilient. (AC +4)
You are immune to poison.
You resist negative energy. (rN+)
You are resistant to electric shocks. (rElec)
You are resistant to unholy torment.
You are immune to petrification.


Message History

The orc priest looks braver for a moment.
You hear a shout!
An orc priest comes into view. It is wielding a +0 club.
The orc priest shouts!
The orc priest invokes the aid of Beogh against you.
Beogh smites you!
Aiming: Sandblast (safe; 1% risk of failure)
Press: ? - help, Q - select action, (/) - cycle Shift-Dir - straight line, f - orc
Aim: an orc, wielding a +0 mace (83% to hit)
The blast of sand misses the orc.
The orc priest looks encouraged for a moment.
Aiming: Sandblast (safe; 1% risk of failure)
Press: ? - help, Q - select action, (/) - cycle Shift-Dir - straight line, f/p - orc
Aim: an orc, wielding a +0 mace (83% to hit)
The blast of sand misses the orc.
The blast of sand hits the orc priest!
The orc priest is severely wounded.
The orc misses you.
The orc priest calls down the wrath of Beogh upon you.
Beogh smites you!
Aiming: Sandblast (safe; 1% risk of failure)
Press: ? - help, Q - select action, (/) - cycle Shift-Dir - straight line, f/p - orc
Aim: an orc, wielding a +0 mace (83% to hit)
The blast of sand hits the orc!
You kill the orc!
The orc priest invokes the aid of Beogh against you.
Beogh smites you!
* * * LOW HITPOINT WARNING * * *
Aiming: Sandblast (safe; 1% risk of failure)
Press: ? - help, Q - select action, (/) - cycle Shift-Dir - straight line, f - orc priest
Aim: an orc priest, wielding a +0 mace (severely wounded, 83% to hit)
The blast of sand hits the orc priest!
You kill the orc priest!
Unknown command.
Aiming: Sandblast (safe; 1% risk of failure)
Press: ? - help, Q - select action, (/) - cycle Shift-Dir - straight line, f - orc priest
Aim: an orc priest, wielding a +0 club and wearing a +0 chain mail (87% to hit)
The blast of sand hits the orc priest but does no damage.
The orc priest mumbles some strange prayers to Beogh against you.
Beogh smites you!
You die...

... ............. ...
........####.....### .
..... ##...## .....
##.## ... #.# ... #.#
#)# ##+## #o# ##†..##
#@## ##.....## #..##
##.......##
#######...####.........#
.............'.........+
#######...####.........#
##.## ##.......## #.#
##.....## #.# ##...##
#.# ##†##


You could see an orc priest.

Vanquished Creatures
  A phantom (D:3)
  2 bullfrogs (Sewer)
  An orc priest (D:2)
  Jessica (D:3)
  7 adders
  7 river rats (Sewer)
  2 worms
  2 dart slugs (D:2)
  An orc (D:2)
  5 endoplasms
  6 goblins
  3 hobgoblins
  2 quokkas
  13 ball pythons
  4 bats
  4 frilled lizards
  4 kobolds
  34 rats
99 creatures vanquished.

Vanquished Creatures (others)
  A plant (D:3)
1 creature vanquished.

Grand Total: 100 creatures vanquished

Notes
Turn   | Place    | Note
-------+----------+-------------------------------------------
     0 | D:1      | arthad the Gargoyle Earth Elementalist began the quest for
                  | the Orb.
     0 | D:1      | Reached XP level 1. HP: 10/10 MP: 3/3
   344 | D:1      | Reached skill level 1 in Transmutations
   344 | D:1      | Reached XP level 2. HP: 15/15 MP: 1/5
  1032 | D:2      | Reached XP level 3. HP: 19/19 MP: 1/6
  1086 | D:2      | Reached skill level 4 in Earth Magic
  1125 | D:2      | You fall into a shaft and drop 1 floor!
  1253 | D:3      | Noticed a phantom
  1255 | D:3      | Noticed Jessica
  1265 | D:3      | Killed a phantom
  1266 | D:3      | Reached XP level 4. HP: 24/24 MP: 0/8
  1280 | D:3      | Killed Jessica
  1281 | D:3      | Reached XP level 5. HP: 23/28 MP: 0/9
  1383 | D:3      | Found a glowing drain.
  1391 | Sewer    | Entered a sewer
  1716 | Sewer    | Learned a level 2 spell: Passwall
  1720 | Sewer    | Learned a level 3 spell: Stone Arrow
  1725 | Sewer    | Learned a level 4 spell: Petrify
  1838 | Sewer    | Reached XP level 6. HP: 31/32 MP: 3/10
  2048 | Sewer    | Reached skill level 5 in Earth Magic
  2051 | Sewer    | Reached skill level 1 in Armour
  2331 | D:3      | Found a faded altar of an unknown god.
  2837 | D:2      | Reached XP level 7. HP: 36/36 MP: 9/12
  2978 | D:2      | Killed from afar by an orc priest

Illustrated notes

Levels and vault maps discovered:
D:1:      eino_arrival_cavern_b, layout_basic
D:2:      layout_loops_corners, kennysheep_generic_room_6
D:3:      layout_rooms, shapermc_ecumenical_altar_gd,
          cheibrodos_sewer_entry_bend, minmay_misc_feat_doors,
          kennysheep_minor_cross, uniq_jessica

Skill      XL: |  1  2  3  4  5  6 |
---------------+-------------------+-----
Transmutations | 1 2 |  2.3
Earth Magic    | 4 5 |  5.3
Dodging        | 2 |  2.8
Stealth        | 3 4 |  4.0
Spellcasting   | 3 |  3.5
Armour         | 1 |  1.4

Action                   |  1- 3 |  4- 6 |  7- 9 || total
-------------------------+-------+-------+-------++-------
Melee: Unarmed           |     1 |    42 |       ||    43
       Punch             |       |     1 |       ||     1
 Cast: Sandblast         |    37 |    93 |    10 ||   140
  Use: Scroll            |     1 |     1 |       ||     2
 Stab: Sleeping          |     1 |       |       ||     1
Armor: Robe              |     5 |    85 |       ||    90
Dodge: Dodged            |     8 |    90 |     2 ||   100

Table legend: (Time is in decaauts)
 A = Elapsed time spent in this place.
 B = Non-inter-level travel time spent in this place.
 C = Inter-level travel time spent in this place.
 D = Time resting spent in this place.
 E = Time spent auto-exploring this place.
 F = Levels seen in this place.
 G = Mean time per level.
                   A        B        C        D        E       F      G
               +--------+--------+--------+--------+--------+-----+--------+
         Total |   3085 |   3033 |     52 |    261 |   2050 |   4 |  771.2 |
       Dungeon |   2229 |   2177 |     52 |      0 |   1708 |   3 |  743.0 |
         Sewer |    856 |    856 |      0 |    261 |    341 |   1 |  856.0 |
               +--------+--------+--------+--------+--------+-----+--------+

Top non-repeatable levels by time:
     D:1: 991 daAuts
   Sewer: 856 daAuts
     D:2: 672 daAuts
     D:3: 565 daAuts
